 Dungeon Crawl Stone Soup version 0.27-a0-1416-g941b2bd30b (webtiles) character file.

Game seed: 12228801838119391975

2649 tilp the Summoner (level 9, -10/69 HPs)
             Began as a Barachi Summoner on July 1, 2021.
             Was a Believer of Okawaru.
             Mangled by an orc warrior (17 damage)
             ... in a bailey.
             The game lasted 00:22:53 (10362 turns).

tilp the Summoner (Barachi Summoner)               Turns: 10362, Time: 00:22:54

Health: -10/69     AC: 11    Str: 13    XL:     9   Next: 62%
Magic:  11/15      EV: 12    Int: 15    God:    Okawaru [**....]
Gold:   334        SH:  0    Dex: 19    Spells: 3/16 levels left

rFire    + . .     SeeInvis .   a - +3 flail (protect)
rCold    . . .     Faith    .   (no shield)
rNeg     . . .     Spirit   .   c - +1 ring mail
rPois    .         Reflect  .   h - +2 hat
rElec    .         Harm     .   (no cloak)
rCorr    .         Rampage  .   (no gloves)
Will     .....                  v - +2 pair of boots
Stlth    ++........             i - amulet of the acrobat
HPRegen  0.21/turn              k - +6 ring of dexterity
MPRegen  0.14/turn              w - ring of protection from fire

@: on berserk cooldown, slowed, very slow
A: amphibious, slowness 1, strong legs 1, +LOS
a: Hop, Renounce Religion, Heroism


You were in a bailey.
You worshipped Okawaru.
Okawaru was pleased with you.
You visited 2 branches of the dungeon, and saw 10 of its levels.
You also visited: Sewer and Bailey.

You collected 334 gold pieces.

Inventory:

Hand Weapons
 a - a +3 flail of protection (weapon)
 b - a +2 halberd of freezing
 u - a +0 dire flail
 x - a +0 dire flail of holy wrath
 C - a +2 battleaxe
Missiles
 l - a throwing net
Armour
 c - a +1 ring mail (worn)
 h - a +2 hat (worn)
 v - a +2 pair of boots (worn)
Jewellery
 i - an amulet of the acrobat (around neck)
 k - a +6 ring of dexterity (left hand)
 q - an amulet of magic regeneration
 w - a ring of protection from fire (right hand)
 z - a ring of poison resistance
Wands
 g - a wand of flame (20)
 D - a wand of digging (1)
Scrolls
 j - a scroll of blinking
 m - a scroll of magic mapping
 s - 3 scrolls of teleportation
 y - a scroll of holy word
 A - a scroll of fear {unknown}
 B - a scroll of enchant armour
 E - a scroll of identify
Potions
 e - 3 potions of ambrosia
 f - 3 potions of mutation
 n - 4 potions of flight
 p - 4 potions of curing
 t - a potion of might {unknown}


   Skills:
 - Level 6.0 Fighting
 - Level 4.0 Dodging
 - Level 4.0 Stealth
 - Level 4.0 Spellcasting
 + Level 10.9 Summonings
 - Level 4.0 Ice Magic
 - Level 4.0 Invocations


You had 3 spell levels left.
You knew the following spells:

 Your Spells              Type           Power      Damage    Failure   Level
a - Summon Small Mammal   Summ           100%       N/A       1%          1
b - Call Imp              Summ           35%        N/A       1%          2
c - Call Canine Familiar  Summ           35%        N/A       1%          3
d - Summon Guardian Gole  Hex/Summ       19%        N/A       13%         3
e - Summon Ice Beast      Ice/Summ       25%        N/A       19%         4

Your spell library contained the following spells:

 Spells                   Type           Power      Damage    Failure   Level
 Ensorcelled Hibernation  Hex/Ice        18%        N/A       26%         2
 Corona                   Hex            3%         N/A       36%         1
 Sandblast                Erth           6%         2d5       36%         1
 Sting                    Tmut/Pois      12%        1d3       36%         1
 Passwall                 Tmut/Erth      2%         N/A       52%         2
 Poisonous Vapours        Pois/Air       6%         N/A       52%         2
 Mephitic Cloud           Conj/Pois/Air  3%         N/A       75%         3
 Tukima's Dance           Hex            3%         N/A       75%         3
 Summon Lightning Spire   Summ/Air       19%        N/A       38%         4
 Olgreb's Toxic Radiance  Pois           3%         N/A       98%         4
 Freezing Cloud           Conj/Ice/Air   3%         6-21      100%        5
 Lee's Rapid Deconstruct  Erth           1%         3d5*      100%        5


Dungeon Overview and Level Annotations

Branches:
Dungeon (10/15)            Temple (1/1) D:6           Sewer (visited)
 Bailey (1/1)
   Lair: D:8-11         Orc: D:9-12

Altars:
Ashenzari
Cheibriados
Dithmenos
Elyvilon
Fedhas
Gozag
Kikubaaqudgha
Makhleb
Nemelex Xobeh
Okawaru
Qazlal
Ru
Sif Muna
Uskayaw
Vehumet
Wu Jian
Xom
Zin
The Shining One

Annotations:
D:7 Prince Ribbit


Innate Abilities, Weirdness & Mutations

You are amphibious.
You cover ground slowly.
You can hop short distances.
You have an extended range of vision and can be seen from far away.


Message History

Your shadow imp closely misses the orc warrior.
Your hound bites the orc warrior but does no damage.
Blink to where?
Press: ? - help, Dir - move target
As you read the scroll of blinking, it crumbles to dust.
Your hound closely misses the orc warrior.
Found 425 gold pieces and the +7 captain's cutlass {speed, disarm}.
Unknown command.
The orc warrior no longer looks unusually strong.
Your shadow imp hits the orc warrior but does no damage.
Your hound bites the orc warrior.
Something hits your shadow imp!!
Your shadow imp dies!
Your hound bites the orc warrior but does no damage.
Found 102 gold pieces and a box of beasts.
Something closely misses your hound.
A bolt appears from out of your range of vision.
The bolt hits your hound!!
Your hound dies!
Your hound's corpse disappears in a puff of smoke!
The orc warrior grunts to no one in particular.
The orc knight roars a battlecry!
The orc warrior goes into a battle-frenzy!
Found a scroll of identify.
The orc warrior no longer looks unusually strong. x2
The orc knight roars a battlecry!
The orc warriors go into a battle-frenzy!
There is an open door here.
The orc warrior misses you. The orc warrior completely misses you.
You close the door.
An orc warrior opens the door.
The orc warrior completely misses you. The orc warrior completely misses you.
Aiming: Iceblast
Press: ? - help, Shift-Dir - straight line, f - orc warrior
Aim: an orc warrior, wielding a +0 glaive and wearing a +0 ring mail (strong)
The mass of ice explodes!
The iceblast engulfs the orc warrior!
The orc warrior is moderately wounded.
The now-empty wand crumbles to dust.
You hear a shout!
The orc warrior hits you from afar with a +0 glaive!
You die...

### ###
##.###########∩##
#...##.....##.∩.#
#}..#..≈≈≈..#..o#
#)..#.≈≈)≈≈.).o)..≈
#...oo≈.∩)≈o)....o≈
#$@.#.≈≈)≈≈.......≈
#$..#..≈≈≈..#...#..
#?..##.....##...##.
##.###########∩## #
### ###


You could see 2 orc warriors.

Vanquished Creatures
  An orc knight (Bailey)
  Edmund (D:6)
  4 orc warriors (Bailey)
  An ogre (D:5)
  2 centaurs
  A bullfrog (D:7)
  A wight (D:7)
  An electric eel (D:7)
  A bullfrog zombie (D:6)
  An orc priest (D:4)
  A hound (D:5)
  A jelly (D:6)
  A bullfrog skeleton (D:5)
  2 centaur skeletons
  A gnoll shaman (D:6)
  Jessica (D:2)
  Terence (D:2)
  An orc wizard (D:5)
  5 iguanas
  A hound skeleton (D:4)
  A howler monkey zombie (D:7)
  6 adders
  4 gnolls
  A howler monkey skeleton (D:6)
  A shadow imp (D:4)
  A worm (D:2)
  4 dart slugs
  6 orcs
  7 endoplasms
  2 giant cockroaches
  5 goblins
  4 hobgoblins
  11 jackals
  9 quokkas
  5 ball pythons
  7 frilled lizards
  6 kobolds
  4 rats
113 creatures vanquished.

Vanquished Creatures (collateral kills)
  Purgy (Sewer)
  4 orc warriors
  A water moccasin (D:7)
  A necrophage (D:4)
  2 scorpions (D:5)
  3 wights (D:7)
  A jelly (D:4)
  A bullfrog zombie (D:5)
  2 orc priests
  A hound (D:5)
  A centaur skeleton (D:5)
  An iguana (D:7)
  8 orc wizards
  A hound zombie (D:5)
  4 gnolls
  3 adders
  A worm (D:4)
  A dart slug (D:3)
  6 orcs
  2 endoplasms
  A goblin (D:9)
  2 hobgoblins (D:1)
  2 jackals (D:1)
  A quokka (D:5)
  A ball python (Sewer)
  2 bats
  2 frilled lizards
  2 kobolds (D:1)
  A rat (D:2)
59 creatures vanquished.

Vanquished Creatures (others)
  4 plants (D:1)
4 creatures vanquished.

Grand Total: 176 creatures vanquished

Notes
Turn   | Place    | Note
-------+----------+-------------------------------------------
     0 | D:1      | tilp the Barachi Summoner began the quest for the Orb.
     0 | D:1      | Reached XP level 1. HP: 13/13 MP: 3/3
   744 | D:1      | Reached skill level 1 in Fighting
   945 | D:1      | Reached XP level 2. HP: 19/22 MP: 5/5
  1335 | D:1      | Reached skill level 5 in Summonings
  1542 | D:1      | Reached XP level 3. HP: 15/27 MP: 4/6
  1807 | D:1      | Learned a level 2 spell: Call Imp
  1811 | D:1      | Learned a level 3 spell: Call Canine Familiar
  2273 | D:2      | Reached XP level 4. HP: 23/33 MP: 1/8
  2442 | D:2      | Found a white marble altar of Elyvilon.
  2617 | D:2      | Noticed Terence
  2636 | D:2      | Killed Terence
  2637 | D:2      | Reached skill level 6 in Summonings
  2968 | D:2      | Noticed Jessica
  2979 | D:2      | Killed Jessica
  3090 | D:2      | Reached XP level 5. HP: 39/39 MP: 9/9
  3284 | D:2      | Found a faded altar of an unknown god.
  3529 | D:3      | Found a broken altar of Ashenzari.
  3803 | D:3      | Found a burning altar of Makhleb.
  4476 | D:4      | Found a snail-covered altar of Cheibriados.
  4554 | D:4      | Reached XP level 6. HP: 47/47 MP: 7/10
  4558 | D:4      | Noticed a necrophage
  4565 | D:4      | Killed a necrophage
  4646 | D:4      | Found a glowing drain.
  4662 | Sewer    | Entered a sewer
  4762 | Sewer    | Noticed Purgy
  4809 | Sewer    | Killed Purgy
  5202 | D:4      | Reached XP level 7. HP: 47/54 MP: 5/11
  5206 | D:4      | Learned a level 3 spell: Summon Guardian Golem
  5563 | D:4      | Found an opulent altar of Gozag.
  5785 | D:5      | Entered Level 5 of the Dungeon
  5964 | D:5      | Found a shimmering blue altar of Sif Muna.
  5977 | D:5      | Found an ancient bone altar of Kikubaaqudgha.
  6029 | D:5      | Found a radiant altar of Vehumet.
  6408 | D:5      | Reached skill level 7 in Summonings
  6767 | D:5      | Reached skill level 8 in Summonings
  6767 | D:5      | Reached XP level 8. HP: 55/60 MP: 10/14
  6832 | D:5      | Reached skill level 5 in Fighting
  7139 | D:5      | Found a blossoming altar of Fedhas.
  7167 | D:5      | Learned a level 4 spell: Summon Ice Beast
  7494 | D:6      | Found a staircase to the Ecumenical Temple.
  7496 | D:6      | Noticed Edmund
  7515 | D:6      | Killed Edmund
  7529 | Temple   | Entered the Ecumenical Temple
  7670 | Temple   | Became a worshipper of Warmaster Okawaru
  7832 | D:6      | Reached skill level 9 in Summonings
  8776 | D:6      | Reached skill level 10 in Summonings
  8962 | D:7      | Noticed Prince Ribbit
  9033 | D:7      | Reached skill level 1 in Invocations
  9287 | D:7      | Reached XP level 9. HP: 48/69 MP: 6/15
  9897 | D:7      | You fall into a shaft and drop 3 floors!
  9897 | D:10     | Entered Level 10 of the Dungeon
 10079 | D:9      | Found a flagged portal.
 10084 | D:9      | HP: 2/69 [wyvern (12)]
 10091 | Bailey   | Entered a bailey
 10327 | Bailey   | Reached * piety under Okawaru
 10333 | Bailey   | Noticed an orc knight
 10345 | Bailey   | Noticed an orc knight
 10353 | Bailey   | Killed an orc knight
 10353 | Bailey   | Reached ** piety under Okawaru
 10356 | Bailey   | Found the +7 captain's cutlass {speed, disarm}
 10362 | Bailey   | Mangled by an orc warrior

Illustrated notes

Levels and vault maps discovered:
D:1:      sevenhm_arrival_forest_fort_large_2, layout_loops_cross,
          serial_forest, infiniplex_forest_zigzag_1,
          infiniplex_forest_lined_corner, infiniplex_forest_zigzag_1,
          infiniplex_forest_pool, infiniplex_forest_lined_corner,
          infiniplex_forest_clump_curved, infiniplex_forest_clump_double,
          infiniplex_forest_pool, st_stairs_13
D:2:      layout_basic, hellmonk_ecumenical_altar_pennies_from_heaven,
          basic_altar, uniq_jessica, uniq_terence
D:3:      layout_basic, nicolae_overflow_hidden_temple, old_standard_altar,
          minivault_11
D:4:      layout_layer_cave, lemuel_coloured_pillars_altar, lemuel_doored_altar,
          cheibrodos_sewer_entry_bend, minmay_quadrilaterals
D:5:      layout_rooms, palyth_temple_overflow_mages, overflow_temple_1_default,
          kennysheep_doodads
D:6:      layout_loops_corners, minmay_temple_entry_water_ring, uniq_edmund
D:7:      layout_cave_pods, worldfamousw_hep_ancestral_shrine, serial_park,
          serial_park_fountain, uniq_prince_ribbit1
D:9:      layout_loops_ring, kennysheep_ying_yang, enter_bailey_5,
          item_on_display_a
D:10:     layout_gridville, lightli_temple_of_fire, minmay_lair_entry_grove,
          minmay_fractal_squares_5
Temple:   cyrus_temple_forest
Bailey:   bailey_polearm_4, bailey

Skill      XL: |  1  2  3  4  5  6  7  8  9 |
---------------+----------------------------+-----
Fighting       | 2 3 4 6 |  6.0
Summonings     | 5 6 8 10 | 10.9
Spellcasting   | 3 4 |  4.0
Stealth        | 2 4 |  4.0
Dodging        | 3 4 |  4.0
Invocations    | 2 4 |  4.0
Ice Magic      | 4 |  4.0

Action                   |  1- 3 |  4- 6 |  7- 9 || total
-------------------------+-------+-------+-------++-------
Melee: Short sword       |    99 |    32 |       ||   131
       Dagger            |     1 |       |       ||     1
       Flail             |       |   104 |   213 ||   317
 Cast: Summon Small Mamm |    26 |       |       ||    26
       Call Imp          |    10 |    23 |    49 ||    82
       Call Canine Famil |     1 |     6 |    31 ||    38
       Summon Guardian G |       |       |     1 ||     1
 Abil: Hop               |     1 |       |     3 ||     4
Evoke: Wand              |       |     2 |    14 ||    16
  Use: Scroll            |     4 |     6 |     7 ||    17
       Potion            |       |       |     5 ||     5
 Stab: Sleeping          |       |     4 |     4 ||     8
       Distracted        |       |     1 |     1 ||     2
Armor: Ring mail         |    39 |    64 |   140 ||   243
Dodge: Dodged            |    82 |   100 |   270 ||   452

Table legend: (Time is in decaauts)
 A = Elapsed time spent in this place.
 B = Non-inter-level travel time spent in this place.
 C = Inter-level travel time spent in this place.
 D = Time resting spent in this place.
 E = Time spent auto-exploring this place.
 F = Levels seen in this place.
 G = Mean time per level.
                   A        B        C        D        E       F      G
               +--------+--------+--------+--------+--------+-----+--------+
         Total |  11518 |  10897 |    621 |   2808 |   5944 |  12 |  959.8 |
       Dungeon |  10646 |  10074 |    572 |   2590 |   5536 |   9 | 1182.9 |
        Temple |    196 |    147 |     49 |      0 |    146 |   1 |  196.0 |
         Sewer |    396 |    396 |      0 |     18 |    261 |   1 |  396.0 |
        Bailey |    278 |    278 |      0 |    200 |      0 |   1 |  278.0 |
               +--------+--------+--------+--------+--------+-----+--------+

Top non-repeatable levels by time:
     D:1: 2265 daAuts
     D:6: 2136 daAuts
     D:4: 1555 daAuts
     D:2: 1485 daAuts
     D:5: 1218 daAuts
     D:3: 1113 daAuts
     D:7: 659 daAuts
   Sewer: 396 daAuts
  Bailey: 278 daAuts
  Temple: 196 daAuts
    D:10: 121 daAuts
     D:9: 90 daAuts
